 Dungeon Crawl Stone Soup version 0.22-a0-608-g8a62e23 (webtiles) character file.

1477 Azzur the Charlatan (level 8, -2/61 HPs)
             Began as a Gnoll Artificer on July 9, 2018.
             Was a Believer of Okawaru.
             Slain by an orc warrior
             ... wielding a +1 scimitar of protection
              (6 damage)
             ... on level 6 of the Dungeon.
             The game lasted 00:41:29 (6088 turns).

Azzur the Charlatan (Gnoll Artificer)               Turns: 6088, Time: 00:41:30

Health: -2/61      AC: 13    Str: 15    XL:     8   Next: 79%
Magic:  13/13      EV:  6    Int: 15    God:    Okawaru [**....]
Gold:   348        SH:  0    Dex: 16    Spells: 14/14 levels left

rFire    . . .     SeeInvis .   L - +2 hand axe (freeze)
rCold    . . .     Gourm    .   (no shield)
rNeg     . . .     Faith    +   F - +0 plate armour
rPois    .         Spirit   .   v - +0 helmet
rElec    .         Reflect  .   r - +0 cloak
rCorr    .         Harm     .   (no gloves)
MR       .....                  (no boots)
Stlth    ..........             p - amulet of faith
HPRegen  0.20/turn              b - ring of stealth
MPRegen  0.13/turn              (no ring)

@: drained
A: distributed training, fangs 1, strong nose
a: Heroism, Renounce Religion


You were on level 6 of the Dungeon.
You worshipped Okawaru.
Okawaru was pleased with you.
You were not hungry.

You visited 2 branches of the dungeon, and saw 7 of its levels.

You collected 348 gold pieces.

Inventory:

Hand Weapons
 h - a +3 hand axe
 B - a +3 dagger of venom
 L - a +2 hand axe of freezing (weapon)
 N - a +0 flail of holy wrath
 O - a +3 halberd
Missiles
 H - a javelin (quivered)
Armour
 r - a +0 cloak (worn)
 v - a +0 helmet (worn)
 x - a +0 chain mail
 F - a +0 plate armour (worn)
 M - a +0 robe of fire resistance
Magical Staves
 K - an uncursed staff of wizardry
Jewellery
 b - a ring of stealth (left hand)
 p - an amulet of faith (around neck)
 D - an uncursed amulet of guardian spirit
Wands
 c - a wand of flame (5)
 d - a wand of enslavement (12)
 e - a wand of random effects (40)
 G - a wand of paralysis (16)
 I - a wand of disintegration (13)
Scrolls
 g - 2 scrolls of fear {unknown}
 i - 4 scrolls of fog {unknown}
 j - a scroll of random uselessness {unknown}
 l - 4 scrolls of immolation
 o - 2 scrolls of identify
 s - 3 scrolls of teleportation
 u - a scroll of noise {unknown}
 w - 3 scrolls of remove curse
 y - a scroll of enchant weapon {unknown}
 A - a scroll of magic mapping {unknown}
 C - 2 scrolls of amnesia {unknown}
 E - 2 scrolls of blinking {unknown}
Potions
 a - 3 potions of lignification {unknown}
 k - a potion of haste {unknown}
 m - a potion of cancellation {unknown}
 n - a potion of might {unknown}
 q - 2 potions of curing
 t - a potion of degeneration {unknown}
 z - 2 potions of brilliance {unknown}
 J - a potion of agility
Comestibles
 f - 12 rations
 P - 4 chunks of flesh


   Skills:
 + Level 4.4(4.1) Fighting
 + Level 4.4(4.1) Short Blades
 + Level 3.5(3.2) Long Blades
 + Level 3.5(3.2) Axes
 + Level 3.5(3.2) Maces & Flails
 + Level 3.5(3.2) Polearms
 + Level 3.5(3.2) Staves
 + Level 3.5(3.2) Slings
 + Level 3.5(3.2) Bows
 + Level 3.5(3.2) Crossbows
 + Level 3.5(3.2) Throwing
 + Level 3.5(3.2) Armour
 + Level 5.8(5.5) Dodging
 + Level 4.3(3.9) Stealth
 + Level 3.5(3.2) Shields
 + Level 3.5(3.2) Unarmed Combat
 + Level 3.5(3.2) Spellcasting
 + Level 2.9(2.6) Conjurations
 + Level 2.9(2.6) Hexes
 + Level 2.9(2.6) Charms
 + Level 2.9(2.6) Summonings
 + Level 2.9(2.6) Necromancy
 + Level 2.9(2.6) Translocations
 + Level 2.9(2.6) Transmutations
 + Level 2.9(2.6) Fire Magic
 + Level 2.9(2.6) Ice Magic
 + Level 2.9(2.6) Air Magic
 + Level 2.9(2.6) Earth Magic
 + Level 2.9(2.6) Poison Magic
 + Level 3.9(3.5) Invocations
 + Level 7.5(7.1) Evocations


You had 14 spell levels left.
You didn't know any spells.
Your spell library was empty.

Dungeon Overview and Level Annotations

Branches:
Dungeon (6/15)             Temple (1/1) D:5

Altars:
Ashenzari
Cheibriados
Dithmenos
Elyvilon
Fedhas
Gozag
Hepliaklqana
Kikubaaqudgha
Makhleb
Nemelex Xobeh
Okawaru
Qazlal
Ru
Sif Muna
Trog
Uskayaw
Wu Jian
Xom
Yredelemnul
Zin
The Shining One

Shops:
D:4 !


Innate Abilities, Weirdness & Mutations

Your experience applies equally to all skills.
You have very sharp teeth.
Your uncanny sense of smell can sniff out nearby items.


Message History

Wisps of shadow swirl around the orc warrior.
The orc warrior throws a javelin.
The javelin hits you.
You see here a javelin.
You start resting.
The orc warrior throws a javelin.
The javelin closely misses you.
You start resting.
You hear a zap.
You hear a grinding noise.
You hear a zap.
You hear a grinding noise.
You see here a javelin.
The orc warrior throws a javelin.
The javelin hits you!
You see here a javelin.
The orc warrior hits you with a scimitar of protection.
You hit the orc warrior but do no damage.
The orc warrior is lightly wounded.
The orc warrior hits you with a scimitar of protection!!
* * * LOW HITPOINT WARNING * * *
You hit the orc warrior but do no damage.
The orc warrior is lightly wounded.
The orc warrior hits you with a scimitar of protection.
You die...

#...#.z...# . .....(..## .
#.(#.#### # ...# ##..# #..#
#.(# ##o.## #(@..##
#.(#..## #..(...# #.####..#
#># #...# #### ####.#
##...##... #....#
###......#
#....###....###.##
######......).##.###..#####


You could see an orc warrior.

Vanquished Creatures
  3 sky beasts
  An ogre (D:6)
  A phantom (D:5)
  2 centaurs (D:5)
  A bullfrog (D:6)
  A scorpion (D:5)
  A jelly (D:5)
  3 wights (D:6)
  A bullfrog zombie (D:5)
  A hound (D:5)
  An orc wizard (D:4)
  6 worker ants
  7 adders
  10 gnolls
  A worm (D:2)
  4 leopard geckos
  13 orcs
  6 giant cockroaches
  7 goblins
  7 hobgoblins
  10 jackals
  13 kobolds
  4 quokkas
  A ball python (D:2)
  11 bats
  6 frilled lizards
  A leopard gecko zombie (D:5)
  A quokka skeleton (D:4)
  11 rats
135 creatures vanquished.

Vanquished Creatures (collateral kills)
  Edmund (D:6)
  A gnoll (D:6)
  A hobgoblin (D:1)
  A jackal (D:1)
4 creatures vanquished.

Vanquished Creatures (others)
  A gnoll (D:6)
  2 orcs
  A jackal (D:1)
4 creatures vanquished.

Grand Total: 143 creatures vanquished

Notes
Turn   | Place    | Note
-------+----------+-------------------------------------------
     0 | D:1      | Azzur the Gnoll Artificer began the quest for the Orb.
     0 | D:1      | Reached XP level 1. HP: 17/17 MP: 4/4
   127 | D:1      | Reached XP level 2. HP: 20/23 MP: 6/6
   396 | D:1      | Reached XP level 3. HP: 28/28 MP: 7/7
   983 | D:2      | Reached skill level 1 in Invocations
  1086 | D:2      | Reached skill level 1 in Long Blades
  1086 | D:2      | Reached skill level 1 in Axes
  1086 | D:2      | Reached skill level 1 in Maces & Flails
  1086 | D:2      | Reached skill level 1 in Polearms
  1086 | D:2      | Reached skill level 1 in Staves
  1086 | D:2      | Reached skill level 1 in Slings
  1086 | D:2      | Reached skill level 1 in Bows
  1086 | D:2      | Reached skill level 1 in Crossbows
  1086 | D:2      | Reached skill level 1 in Throwing
  1086 | D:2      | Reached skill level 1 in Armour
  1086 | D:2      | Reached skill level 1 in Shields
  1086 | D:2      | Reached skill level 1 in Unarmed Combat
  1086 | D:2      | Reached skill level 1 in Spellcasting
  1104 | D:2      | Reached XP level 4. HP: 30/34 MP: 8/8
  1365 | D:2      | Reached skill level 1 in Conjurations
  1365 | D:2      | Reached skill level 1 in Hexes
  1365 | D:2      | Reached skill level 1 in Charms
  1365 | D:2      | Reached skill level 1 in Summonings
  1365 | D:2      | Reached skill level 1 in Necromancy
  1365 | D:2      | Reached skill level 1 in Translocations
  1365 | D:2      | Reached skill level 1 in Transmutations
  1365 | D:2      | Reached skill level 1 in Fire Magic
  1365 | D:2      | Reached skill level 1 in Ice Magic
  1365 | D:2      | Reached skill level 1 in Air Magic
  1365 | D:2      | Reached skill level 1 in Earth Magic
  1365 | D:2      | Reached skill level 1 in Poison Magic
  1630 | D:2      | Found a burning altar of Makhleb.
  1795 | D:3      | Reached XP level 5. HP: 40/40 MP: 9/9
  2363 | D:3      | Found an iron altar of Okawaru.
  2363 | D:3      | Found a shattered altar of Ashenzari.
  2363 | D:3      | Found a hazy altar of Hepliaklqana.
  2534 | D:4      | Found Xacuon's Distillery.
  2915 | D:4      | Noticed a dagger
  2916 | D:4      | Noticed a dagger
  2943 | D:4      | Found a hide-covered altar of Uskayaw.
  3146 | D:4      | Reached XP level 6. HP: 45/47 MP: 11/11
  3269 | D:4      | Reached skill level 5 in Dodging
  3679 | D:5      | Entered Level 5 of the Dungeon
  3696 | D:5      | Found a staircase to the Ecumenical Temple.
  3956 | Temple   | Entered the Ecumenical Temple
  4115 | D:3      | Became a worshipper of Warmaster Okawaru
  4167 | D:5      | Reached XP level 7. HP: 52/52 MP: 12/12
  4201 | D:5      | Reached skill level 7 in Evocations
  4643 | D:5      | Reached * piety under Okawaru
  4892 | D:5      | Reached XP level 8. HP: 44/60 MP: 13/13
  5294 | D:6      | Reached ** piety under Okawaru
  5589 | D:6      | Found a sparkling altar of Nemelex Xobeh.
  5606 | D:6      | Found a bloodstained altar of Trog.
  5741 | D:6      | Found a stormy altar of Qazlal.
  5749 | D:6      | Noticed Edmund
  5777 | D:6      | Killed Edmund
  6033 | D:6      | Found a snail-covered altar of Cheibriados.
  6087 | D:6      | HP: 3/61 [orc warrior/scimitar of protection (19)]
  6088 | D:6      | Slain by an orc warrior

Vault maps used:
D:1:      lemuel_arrival_cross
D:2:      lemuel_crystal_altar, first_ration, kennysheep_big_empty_room
D:3:      minmay_door_path, gammafunk_temple_overflow_claw, grunt_decor_fettered
D:4:      dancing_weapons_uskayaw, serial_forest, infiniplex_forest_clump_tiny,
          infiniplex_forest_zigzag_1, infiniplex_forest_clump_diagonal,
          infiniplex_forest_lined_corner, infiniplex_forest_clump_C,
          infiniplex_forest_straight_2, infiniplex_forest_lined_4_way,
          infiniplex_forest_clump_curved, infiniplex_forest_lined_corner,
          serial_shops, shop, grunt_decor_cap
D:5:      temple_fountains
D:6:      vehumet_crystals, nicolae_overflow_quartered_altars,
          lemuel_old_faithful, uniq_edmund
Temple:   nicolae_temple_hex_pool

Skill      XL: |  1  2  3  4  5  6  7  8 |
---------------+-------------------------+-----
Invocations    | 1 2 3 |  3.9
Long Blades    | 1 2 3 |  3.5
Axes           | 1 2 3 |  3.5
Maces & Flails | 1 2 3 |  3.5
Polearms       | 1 2 3 |  3.5
Staves         | 1 2 3 |  3.5
Slings         | 1 2 3 |  3.5
Bows           | 1 2 3 |  3.5
Crossbows      | 1 2 3 |  3.5
Throwing       | 1 2 3 |  3.5
Armour         | 1 2 3 |  3.5
Shields        | 1 2 3 |  3.5
Unarmed Combat | 1 2 3 |  3.5
Spellcasting   | 1 2 3 |  3.5
Conjurations   | 1 2 |  2.9
Hexes          | 1 2 |  2.9
Charms         | 1 2 |  2.9
Summonings     | 1 2 |  2.9
Necromancy     | 1 2 |  2.9
Translocations | 1 2 |  2.9
Transmutations | 1 2 |  2.9
Fire Magic     | 1 2 |  2.9
Ice Magic      | 1 2 |  2.9
Air Magic      | 1 2 |  2.9
Earth Magic    | 1 2 |  2.9
Poison Magic   | 1 2 |  2.9
Fighting       | 3 4 |  4.4
Short Blades   | 3 4 |  4.4
Stealth        | 3 4 |  4.3
Dodging        | 5 |  5.8
Evocations     | 7 |  7.5

Action                   |  1- 3 |  4- 6 |  7- 9 || total
-------------------------+-------+-------+-------++-------
Melee: Dagger            |   145 |   170 |       ||   315
       Bite              |    14 |    17 |    29 ||    60
       Hand axe          |       |    59 |   208 ||   267
       Punch             |       |     1 |     1 ||     2
Throw: Javelin           |       |    53 |    35 ||    88
       Tomahawk          |       |    17 |       ||    17
Evoke: Wand              |     9 |     1 |     4 ||    14
  Use: Scroll            |     1 |     4 |     6 ||    11
       Potion            |       |       |     3 ||     3
 Stab: Sleeping          |     6 |     2 |       ||     8
  Eat: Chunk             |     1 |     9 |     7 ||    17
Armor: Leather armour    |    20 |     1 |       ||    21
       Scale mail        |       |    29 |       ||    29
       Chain mail        |       |    21 |       ||    21
       Plate armour      |       |    36 |   127 ||   163
Dodge: Dodged            |    58 |    90 |    63 ||   211

Table legend:
 A = Spawn XP
 B = Non-spawn XP
 C = Spawn XP percentage of total XP
 D = Spawn monster count
 E = Non-spawn monster count
 F = Spawn count percentage of total count
 G = Total turns spent on level
                    A         B        C        D         E        F      G
               +---------+---------+-------+---------+---------+-------+---------
         Total |       0 |    2111 |   0.0 |       0 |     139 |   0.0 |  6088
               +---------+---------+-------+---------+---------+-------+---------
           D:1 |       0 |      52 |   0.0 |       0 |      31 |   0.0 |   960
           D:2 |       0 |     105 |   0.0 |       0 |      26 |   0.0 |   709
           D:3 |       0 |      44 |   0.0 |       0 |      20 |   0.0 |  1162
           D:4 |       0 |     257 |   0.0 |       0 |      28 |   0.0 |   931
           D:5 |       0 |     940 |   0.0 |       0 |      17 |   0.0 |  1168
           D:6 |       0 |     713 |   0.0 |       0 |      17 |   0.0 |  1061
               +---------+---------+-------+---------+---------+-------+---------
